 Dungeon Crawl Stone Soup version 0.20.0-8-g6b59dc7 (webtiles) character file.

105317 mike2R the Devastator (level 15, -3/92 HPs)
             Began as a Deep Elf Conjurer on May 30, 2017.
             Was an Elder of Sif Muna.
             Shot with a bolt by a yaktaur (26 damage)
             ... on level 15 of the Dungeon on June 1, 2017.
             The game lasted 05:03:53 (37092 turns).

mike2R the Devastator (Deep Elf Conjurer)          Turns: 37092, Time: 05:03:53

Health: -3/92      AC: 17    Str:  7    XL:     15   Next: 94%
Magic:  51/57      EV: 14    Int: 28    God:    Sif Muna [****..]
Gold:   983        SH:  7    Dex: 15    Spells: 1/38 levels left

rFire    + . .     SeeInvis +   b - staff of power
rCold    + . .     Gourm    .   e - +2 buckler
rNeg     . . .     Faith    .   S - quicksilver dragon scales
rPois    .         Spirit   .   t - +1 helmet {Int+3}
rElec    .         Reflect  .   G - scarf {rC+ rF+}
rCorr    .         Harm     .   h - +2 pair of gloves
MR       ++...                  (no boots)
Stlth    +.........             B - amulet of regeneration
Regen    1.7/turn               u - ring of magical power
MPRegen  0.4/turn               J - ring of see invisible

@: regenerating, divine energy
A: no striking features
a: Stop Divine Energy, Channel Magic, Forget Spell, Renounce Religion


You were on level 15 of the Dungeon.
You worshipped Sif Muna.
Sif Muna was greatly pleased with you.
You were not hungry.

You visited 4 branches of the dungeon, and saw 24 of its levels.
You also visited: Bailey.

You collected 2123 gold pieces.
You spent 1140 gold pieces at shops.

Inventory:

Hand Weapons
 a - the +9 scimitar "Noiraj" {slice, rN++ Dex+4}
   (You found it on level 9 of the Dungeon)

   It inflicts extra damage upon your enemies.
   It affects your dexterity (+4).
   It greatly protects you from negative energy.
Armour
 e - a +2 buckler (worn)
 h - a +2 pair of gloves (worn)
 t - a +1 helmet of intelligence (worn)
 G - a scarf of resistance (worn)
 S - quicksilver dragon scales (worn)
Magical Staves
 b - an uncursed staff of power (weapon)
Jewellery
 u - a ring of magical power (left hand)
 B - an amulet of regeneration (around neck)
 J - a ring of see invisible (right hand)
Wands
 o - a wand of flame (26/48)
 s - a wand of lightning (9/15)
 D - a wand of disintegration (16/24)
Scrolls
 j - 8 scrolls of remove curse
 l - a scroll of identify
 w - 5 scrolls of teleportation
 O - 5 scrolls of fog
 U - 3 scrolls of recharging
 X - a scroll of blinking
Potions
 d - 5 potions of flight
 i - 3 potions of curing
 m - 2 potions of heal wounds
 v - 4 potions of might
 x - 4 potions of berserk rage
 A - a potion of magic
 C - 3 potions of haste
 K - 4 potions of agility
 Q - a potion of invisibility
 T - 5 potions of brilliance
 W - a potion of cancellation
Books
 k - a book of Power

   Spells                             Type                      Level
   a - Iskenderun's Battlesphere      Conjuration/Charms           5
   b - Venom Bolt                     Conjuration/Poison           5
   c - Bolt of Magma                  Conjuration/Fire/Earth       5
   d - Iron Shot                      Conjuration/Earth            6
   e - Orb of Destruction             Conjuration                  7
   f - Spellforged Servitor           Conjuration/Summoning        7
Miscellaneous
 f - a sack of spiders
 y - a box of beasts
 H - a lightning rod (4/4)
Comestibles
 c - 15 bread rations
 g - 2 meat rations
 n - 3 chunks of flesh


   Skills:
 - Level 10.2 Fighting
 - Level 3.3 Long Blades
 - Level 7.5 Armour
 - Level 8.2 Dodging
 - Level 2.4 Stealth
 - Level 4.0 Shields
 - Level 12.0 Spellcasting
 - Level 15.5 Conjurations
 - Level 9.6 Necromancy
 + Level 9.8 Ice Magic
 - Level 8.0 Air Magic
 - Level 7.0 Invocations
 - Level 5.1 Evocations


You had one spell level left.
You knew the following spells:

 Your Spells              Type           Power        Failure   Level  Hunger
a - Mephitic Cloud        Conj/Pois/Air  ######..     1%          3    None
b - Swiftness             Chrm/Air       #####...     2%          2    None
c - Lightning Bolt        Conj/Air       ######....   1%          5    ###....
d - Summon Ice Beast      Ice/Summ       #####...     12%         4    None
e - Force Lance           Conj/Tloc      ######..     3%          4    None
f - Fulminant Prism       Conj/Hex       ######....   3%          4    None
g - Throw Icicle          Conj/Ice       ######..     1%          4    None
h - Regeneration          Chrm/Necr      #####.....   3%          3    None
i - Irradiate             Conj/Tmut      ######....   10%         5    ###....
j - Dazzling Spray        Conj/Hex       ######       1%          3    None


Dungeon Overview and Level Annotations

Branches:
Dungeon (15/15)            Temple (1/1) D:7            Lair (6/6) D:11
 Shoals (0/4) Lair:3       Spider (0/4) Lair:2        Slime (0/5) Lair:6
    Orc (2/2) D:11            Elf (0/3) Orc:2        Vaults (0/5) D:14
 Depths (0/5) D:15

Altars:
Ashenzari
Cheibriados
Dithmenos
Elyvilon
Fedhas
Gozag
Hepliaklqana
Kikubaaqudgha
Makhleb
Nemelex Xobeh
Okawaru
Qazlal
Ru
Sif Muna
Trog
Uskayaw
Vehumet
Xom
Yredelemnul
Zin
The Shining One
Beogh
Jiyva

Shops:
D:14 :   D:15 *   Orc:2 %(%%


Message History

You conjure a prism of explosive energy!
The yaktaur shouts!
The yaktaur wields an arbalest.
The yaktaur shoots a bolt.
The bolt hits you!
The yaktaur wields an arbalest.
The yaktaur shoots a bolt.
The bolt hits you!!
A yaktaur comes into view.
The yaktaur shoots a bolt.
The bolt hits you!
Your fulminant prism crackles loudly.
You see here a bolt.
You hear an explosion!
The blast of energy engulfs the yaktaur.
The yaktaur is severely wounded.
The blast of energy engulfs the yaktaur.
The yaktaur is heavily wounded.
Casting: Fulminant Prism
Confirm with . or Enter, or press ? or * to list all spells.
Your skin crawls.
The yaktaur shoots a bolt.
The bolt barely misses you.
The yaktaur wields an arbalest.
The yaktaur shoots a bolt.
The bolt hits you!!
* * * LOW HITPOINT WARNING * * *
You feel much better.
The yaktaur shoots a bolt.
The bolt hits you!!
You die...

.................####
.................#
##########.......####
# +..........# #
.#######....# #
.......#....# #
.......'....# #
.......#....# #
.......#@...# #
.......#(...# #
########(...# ..
...........# ..
##.........#
#...c.##### #.c*..
#..ccc #.....


You could see 4 yaktaurs.

Vanquished Creatures
  Fannar (D:13)
  4 ogre magi (Orc:2)
  The ghost of asdasd2 the Severer, a journeyman MiGl of Okawaru (D:12)
  8 hydras
  19 two-headed ogres
  3 catoblepae (Lair:6)
  Erica (D:8)
  2 dancing weapons (D:14)
  6 centaur warriors
  4 tengu warriors
  11 death yaks
  An orc high priest (Orc:2)
  A skeletal warrior (D:15)
  An unseen horror (D:11)
  A necromancer (D:15)
  4 orc knights
  A wolf spider zombie (D:14)
  An orb spider (Lair:2)
  Pikel (D:8)
  A cyclops (D:13)
  3 manticores
  2 orc sorcerers (D:15)
  A stone giant zombie (D:15)
  A phantasmal warrior (D:15)
  17 ugly things
  A frost giant skeleton (D:15)
  3 elephants
  5 black mambas
  Psyche (D:9)
  A gargoyle (D:15)
  A spiny frog (shapeshifter) (D:14)
  14 spiny frogs
  3 kobold demonologists (D:12)
  9 komodo dragons
  2 rime drakes
  4 yaktaurs (D:15)
  A guardian mummy (D:15)
  2 tengu conjurers
  A polar bear (Lair:4)
  9 trolls
  2 slime creatures (D:12)
  2 hornets
  27 blink frogs
  12 hippogriffs
  A fire dragon skeleton (D:15)
  A wraith (D:13)
  4 wyverns
  5 basilisks
  64 yaks
  8 vampire mosquitoes
  2 hungry ghosts
  2 wargs (Orc:2)
  14 water moccasins
  A hornet zombie (D:13)
  5 porcupines
  6 ice beasts
  2 slaves (D:8)
  25 orc warriors
  3 sky beasts
  2 black bears
  2 necrophages (D:13)
  A phantom (D:11)
  2 eyes of draining (D:14)
  9 wolves (Lair:6)
  35 ogres
  9 centaurs
  13 crocodiles
  11 bullfrogs
  2 big kobolds
  A yaktaur skeleton (D:15)
  A wyvern zombie (D:9)
  2 wyvern skeletons
  4 scorpions
  5 killer bees (D:13)
  3 howler monkeys
  9 wights
  3 electric eels
  6 jellies
  2 bullfrog zombies
  2 crimson imps
  7 hounds
  A centaur skeleton (D:6)
  4 centaur zombies
  17 orc priests
  16 orc wizards
  4 bullfrog skeletons
  Terence (D:2)
  2 iguanas
  8 worker ants
  2 hound skeletons
  2 worker ant zombies
  5 gnolls
  15 adders
  5 shadow imps
  12 white imps (Lair:4)
  3 oozes
  5 worms
  A dart slug (D:3)
  6 leopard geckos
  84 orcs
  8 bats
  4 giant cockroaches
  5 hobgoblins
  8 jackals
  5 quokkas
  5 ball pythons
  2 frilled lizards
  7 goblins
  14 kobolds
  A quokka skeleton (D:4)
  6 rats
  A butterfly (Lair:3)
  A fulminant prism (D:8)
  A fungus (Lair:6)
  4 plants (D:10)
735 creatures vanquished.

Vanquished Creatures (collateral kills)
  2 yaks (Lair:1)
  A water moccasin (Lair:6)
3 creatures vanquished.

Vanquished Creatures (others)
  A wizard (D:13)
  A sky beast (D:13)
  2 slaves (D:8)
  An orc priest (Orc:2)
  An orc (D:15)
  271 fulminant prisms
  19 fungi
  18 plants
  9 withered plants (D:15)
323 creatures vanquished.

Grand Total: 1061 creatures vanquished

Notes
Turn   | Place    | Note
-------+----------+-------------------------------------------
     0 | D:1      | mike2R the Deep Elf Conjurer began the quest for the Orb.
     0 | D:1      | Reached XP level 1. HP: 10/10 MP: 6/6
   353 | D:1      | Reached XP level 2. HP: 15/15 MP: 6/8
   357 | D:1      | Learned a level 2 spell: Searing Ray
   419 | D:1      | Reached skill level 5 in Conjurations
   937 | D:2      | Reached XP level 3. HP: 19/19 MP: 3/9
  1083 | D:2      | Noticed Terence
  1157 | D:2      | Killed Terence
  1157 | D:2      | Reached skill level 6 in Conjurations
  1157 | D:2      | Reached XP level 4. HP: 10/24 MP: 0/10
  1785 | D:3      | Found an opulent altar of Gozag.
  1909 | D:3      | Found a deep blue altar of Sif Muna.
  1910 | D:3      | Found a snail-covered altar of Cheibriados.
  1913 | D:3      | Found a hide-covered altar of Uskayaw.
  1913 | D:3      | Found a radiant altar of Vehumet.
  1913 | D:3      | Found a white marble altar of Elyvilon.
  1918 | D:3      | Became a worshipper of Sif Muna the Loreminder
  2205 | D:3      | Learned a level 3 spell: Dazzling Spray
  2302 | D:3      | Reached skill level 7 in Conjurations
  2302 | D:3      | Reached XP level 5. HP: 28/28 MP: 11/11
  2311 | D:3      | Learned a level 4 spell: Iskenderun's Mystic Blast
  2558 | D:3      | Noticed an orc warrior
  2684 | D:3      | Killed an orc warrior
  2684 | D:3      | Reached XP level 6. HP: 32/32 MP: 14/14
  2750 | D:3      | Learned a level 4 spell: Force Lance
  2838 | D:3      | Reached * piety under Sif Muna
  3284 | D:4      | Reached skill level 5 in Spellcasting
  3430 | D:4      | Reached skill level 8 in Conjurations
  3901 | D:4      | Reached XP level 7. HP: 36/36 MP: 17/17
  4187 | D:4      | Learned a level 4 spell: Fulminant Prism
  4195 | D:5      | Entered Level 5 of the Dungeon
  4336 | D:5      | Reached skill level 1 in Fighting
  4336 | D:5      | Reached skill level 1 in Shields
  5262 | D:5      | Reached XP level 8. HP: 45/45 MP: 19/19
  6254 | D:6      | Found a sacrificial altar of Ru.
  6594 | D:7      | Noticed a hornet
  6601 | D:7      | Killed a hornet
  6601 | D:7      | Reached skill level 1 in Armour
  7029 | D:7      | Found a staircase to the Ecumenical Temple.
  7038 | Temple   | Entered the Ecumenical Temple
  7295 | D:7      | You fall through a shaft!
  7577 | D:8      | Reached skill level 5 in Fighting
  7609 | D:8      | Reached XP level 9. HP: 43/54 MP: 20/20
  7990 | D:8      | Found a sparkling altar of Nemelex Xobeh.
  8099 | D:8      | Noticed Pikel
  8108 | D:8      | Killed Pikel
  8113 | D:8      | Noticed Erica
  8119 | D:8      | Noticed a two-headed ogre
  8295 | D:8      | Reached skill level 5 in Armour
  8390 | D:8      | Reached ** piety under Sif Muna
  8398 | D:8      | Killed a two-headed ogre
  8398 | D:8      | Reached skill level 10 in Conjurations
  8549 | D:8      | Killed Erica
  8549 | D:8      | Reached skill level 11 in Conjurations
  8549 | D:8      | Reached XP level 10. HP: 59/59 MP: 6/21
  8781 | D:8      | Reached *** piety under Sif Muna
  9426 | D:9      | Reached skill level 12 in Conjurations
  9925 | D:9      | Learned a level 4 spell: Throw Icicle
  9972 | D:9      | Got a crystal scimitar
  9973 | D:9      | Identified the +9 scimitar "Noiraj" {slice, rN++ Dex+4} (You found it on level 9 of the Dungeon)
 10120 | D:9      | Reached skill level 1 in Ice Magic
 10317 | D:9      | Learned a level 4 spell: Summon Ice Beast
 10356 | D:9      | Reached **** piety under Sif Muna
 10362 | D:9      | Noticed Psyche
 10364 | D:9      | Killed Psyche
 10462 | D:9      | Reached skill level 5 in Ice Magic
 10954 | D:10     | Entered Level 10 of the Dungeon
 11090 | D:10     | Noticed Fannar
 11222 | D:9      | Noticed a two-headed ogre
 11224 | D:9      | Killed a two-headed ogre
 11224 | D:9      | Reached XP level 11. HP: 64/64 MP: 8/24
 12256 | D:10     | Noticed a two-headed ogre
 12261 | D:10     | Killed a two-headed ogre
 12636 | D:11     | Found a staircase to the Lair.
 12705 | D:11     | Found a roughly hewn altar of Beogh.
 12714 | D:11     | Reached ***** piety under Sif Muna
 13179 | D:11     | Found a staircase to the Orcish Mines.
 13449 | D:11     | Noticed an unseen horror
 13453 | D:11     | Killed an unseen horror
 13460 | D:11     | Reached skill level 5 in Dodging
 13726 | Lair:1   | Entered Level 1 of the Lair of Beasts
 13868 | Lair:1   | Identified Sif Muna's Tome of Damaging Flight (Sif Muna gifted it to you on level 1 of the Lair of Beasts)
 13868 | Lair:1   | Received a gift from Sif Muna
 14897 | Lair:2   | Reached skill level 1 in Invocations
 14902 | Lair:2   | Noticed a six-headed hydra
 15276 | Lair:1   | Killed a six-headed hydra
 16117 | Lair:2   | Reached XP level 12. HP: 71/71 MP: 17/25
 16162 | Lair:2   | Learned a level 3 spell: Regeneration
 16222 | Lair:2   | You fall through a shaft!
 16307 | Lair:3   | Reached skill level 5 in Invocations
 16345 | Lair:3   | Reached skill level 5 in Evocations
 16462 | Lair:2   | Reached skill level 1 in Necromancy
 16632 | Lair:2   | Found a hole to the Spider Nest.
 17285 | Lair:2   | Reached skill level 5 in Necromancy
 17923 | Lair:3   | Found a staircase to the Shoals.
 18606 | Lair:4   | Reached skill level 13 in Conjurations
 19378 | Lair:4   | Noticed a death yak
 19379 | Lair:4   | Noticed a death yak
 19380 | Lair:4   | Noticed a death yak
 19381 | Lair:4   | Noticed a death yak
 19381 | Lair:4   | Noticed a death yak
 19391 | Lair:4   | Killed a death yak
 19399 | Lair:4   | Killed a death yak
 19399 | Lair:4   | Reached skill level 14 in Conjurations
 19405 | Lair:4   | Killed a death yak
 19413 | Lair:4   | Killed a death yak
 19413 | Lair:4   | Received a gift from Sif Muna
 19414 | Lair:4   | Killed a death yak
 20052 | Lair:4   | Reached XP level 13. HP: 76/76 MP: 19/26
 20057 | Lair:4   | Reached skill level 15 in Conjurations
 20530 | Lair:4   | Learned a level 2 spell: Swiftness
 20536 | Lair:4   | Learned a level 5 spell: Lightning Bolt
 22411 | Lair:6   | Entered Level 6 of the Lair of Beasts
 24587 | Lair:6   | Identified Varap's Handbook of Toxic Evil Secrets (Sif Muna gifted it to you on level 6 of the Lair of Beasts)
 24587 | Lair:6   | Received a gift from Sif Muna
 25329 | Lair:6   | Reached XP level 14. HP: 82/82 MP: 9/27
 26137 | Lair:6   | Learned a level 3 spell: Mephitic Cloud
 26395 | Lair:6   | Found a runed door.
 26395 | Lair:6   | Found a viscous altar of Jiyva.
 26395 | Lair:6   | Found a staircase to the Slime Pits.
 26914 | Orc:1    | Entered Level 1 of the Orcish Mines
 27077 | Orc:2    | Entered Level 2 of the Orcish Mines
 27563 | Orc:2    | Found a roughly hewn altar of Beogh.
 27573 | Orc:2    | Reached skill level 10 in Spellcasting
 28683 | Orc:2    | Identified Xyeblepp's Incunabulum of Doomed Malediction (Sif Muna gifted it to you on level 2 of the Orcish Mines)
 28683 | Orc:2    | Received a gift from Sif Muna
 29536 | Orc:2    | Found Bamuwein's Food Emporium.
 29536 | Orc:2    | Found Poteliu's Weapon Shop.
 29537 | Orc:2    | Found Ycsigen's Food Shop.
 29537 | Orc:2    | Found Girraf's Food Shoppe.
 29741 | Orc:2    | Found a staircase to the Elven Halls.
 30121 | Lair:2   | Learned a level 5 spell: Irradiate
 30130 | Lair:2   | Learned a level 3 spell: Dazzling Spray
 30554 | D:12     | Reached XP level 15. HP: 86/86 MP: 26/33
 30564 | D:12     | Reached skill level 1 in Long Blades
 30809 | D:12     | Noticed asdasd2's ghost (journeyman MiGl)
 30836 | D:12     | Killed asdasd2's ghost
 31286 | D:12     | Got a warped ring mail
 31297 | D:12     | Identified the +0 ring mail of Abbapay {Dex+8} (You found it on level 12 of the Dungeon)
 31961 | D:13     | Found a flagged portal.
 31970 | D:13     | Got a pitted halberd
 31976 | D:13     | Identified the cursed +0 halberd of Rubbish {venom, rPois MR++} (You found it on level 13 of the Dungeon)
 31986 | Bailey   | Entered a bailey
 32491 | Bailey   | Got a distressingly furry plate armour
 32502 | Bailey   | Identified the cursed +1 plate armour "Zeugaf" {+Fly rCorr Stlth-} (You found it in a bailey)
 32614 | D:13     | Reached skill level 5 in Air Magic
 32811 | D:13     | Killed Fannar
 33250 | D:13     | Found a bloodstained altar of Trog.
 34064 | D:14     | Found a glowing golden altar of the Shining One.
 34358 | D:14     | Found a gate to the Vaults.
 34481 | D:14     | Found Adyfrach's Book Shoppe.
 34484 | D:14     | Bought a book of Changes for 375 gold pieces
 34762 | D:14     | Identified Sif Muna's Handbook of the Feathery Entourage (Sif Muna gifted it to you on level 14 of the Dungeon)
 34762 | D:14     | Received a gift from Sif Muna
 35704 | D:15     | Entered Level 15 of the Dungeon
 36127 | D:15     | Found Qiymuc's Demolitions Depot.
 36137 | D:15     | Bought a book of Power for 765 gold pieces
 36353 | D:15     | Reached skill level 10 in Fighting
 36751 | D:15     | Found a staircase to the Depths.
 37092 | D:15     | Shot with a bolt by a yaktaur

Skill      XL: |  1  2  3  4  5  6  7  8  9 10 11 12 13 14 15 |
---------------+----------------------------------------------+-----
Conjurations   | 5 6 7 8 11 12 14 15 | 15.5
Spellcasting   | 4 5 6 7 12 | 12.0
Fighting       | 2 5 6 7 10 | 10.2
Shields        | 2 4 |  4.0
Armour         | 2 5 6 7 |  7.5
Ice Magic      | 7 9 |  9.8
Dodging        | 5 8 |  8.2
Invocations    | 4 5 7 |  7.0
Evocations     | 4 5 |  5.1
Necromancy     | 5 7 9 |  9.6
Air Magic      | 4 8 |  8.0
Long Blades    | 3 |  3.3
Stealth        | |  2.4

Action                   |  1- 3 |  4- 6 |  7- 9 | 10-12 | 13-15 || total
-------------------------+-------+-------+-------+-------+-------++-------
Melee: Short sword       |     3 |       |       |       |       ||     3
       Dagger            |       |     5 |       |       |       ||     5
       Staff             |       |       |    24 |    22 |     3 ||    49
       Scimitar          |       |       |       |    34 |   169 ||   203
Throw: Tomahawk          |       |       |       |     1 |       ||     1
 Cast: Magic Dart        |    51 |    97 |   100 |   137 |    26 ||   411
       Searing Ray       |     5 |    20 |    22 |    27 |       ||    74
       Iskenderun's Myst |       |     6 |    30 |    22 |       ||    58
       Dazzling Spray    |       |     5 |     1 |     2 |       ||     8
       Fulminant Prism   |       |       |    11 |    73 |   188 ||   272
       Force Lance       |       |       |     8 |    21 |    34 ||    63
       Throw Icicle      |       |       |       |   161 |   371 ||   532
       Summon Ice Beast  |       |       |       |     5 |     6 ||    11
       Regeneration      |       |       |       |     3 |    14 ||    17
       Lightning Bolt    |       |       |       |       |    97 ||    97
       Irradiate         |       |       |       |       |     4 ||     4
       Mephitic Cloud    |       |       |       |       |     1 ||     1
       Swiftness         |       |       |       |       |     1 ||     1
Invok: Divine Energy     |       |       |     1 |       |       ||     1
       Channel Magic     |       |       |       |     2 |    16 ||    18
       Forget Spell      |       |       |       |       |     2 ||     2
Evoke: Wand              |       |       |       |     1 |     4 ||     5
  Use: Scroll            |     4 |     5 |    13 |    14 |    13 ||    49
       Potion            |     2 |       |       |     3 |     6 ||    11
  Eat: Meat ration       |       |     1 |       |       |     1 ||     2
       Chunk             |       |     6 |    18 |    40 |    85 ||   149
       Royal jelly       |       |       |     2 |     3 |     2 ||     7
       Fruit             |       |       |       |    12 |     1 ||    13
Armor: Robe              |     2 |    10 |     4 |       |       ||    16
       Quicksilver drago |       |       |    29 |   111 |   168 ||   308
Dodge: Dodged            |     7 |    15 |    46 |   128 |   235 ||   431
Block: Buckler           |     8 |     5 |    16 |    85 |   157 ||   271
       Rpst.: Scimitar   |       |       |       |     6 |    48 ||    54
